 Dungeon Crawl Stone Soup version 0.31.0-11-ge490571c62 (webtiles) character file.

Game seed: 13173280380985396319

86 SnakkuSnakku7 the Magician (level 4, -3/34 HPs)
             Began as a Mummy Alchemist on Jan 27, 2024.
             Slain by Terence
             ... wielding a +0 flail
              (6 damage)
             ... on level 3 of the Dungeon.
             The game lasted 00:02:54 (2498 turns).

SnakkuSnakku7 the Magician (Mummy Alchemist)        Turns: 2498, Time: 00:02:54

Health: -3/34      AC:  6    Str: 13    XL:     4   Next: 27%
Magic:  8/8        EV: 10    Int: 14    God:
Gold:   212        SH:  0    Dex: 12    Spells: 7/8 levels left

rFire   x . .        a - +2 whip (elec)
rCold   + . .        (no shield)
rNeg    + + +        l - +0 ring mail
rPois   ∞            (no helmet)
rElec   .            (no cloak)
rCorr   .            (no gloves)
SInv    .            m - +0 pair of boots
Will    .....        (no amulet)
Stlth   +            f - ring of flight
HPRegen 0.25/turn    (no ring)
MPRegen 0.11/turn

%: faith
@: flying
A: cold resistance 1, negative energy resistance 3, torment resistance 2, heat
vulnerability 1, in touch with death 1, no potions, faith
a: no special abilities


You were on level 3 of the Dungeon.
You visited 1 branch of the dungeon, and saw 3 of its levels.

You collected 212 gold pieces.

Inventory:

Hand Weapons
 a - a +2 whip of electrocution (weapon)
 d - a +0 dagger
 g - a +0 whip
 h - a +0 mace
 n - a +0 hand axe
Missiles
 e - 15 poisoned darts
Armour
 i - a +0 robe
 l - a +0 ring mail (worn)
 m - a +0 pair of boots (worn)
Jewellery
 f - a ring of flight (left hand)
Scrolls
 b - 3 scrolls of blinking {unknown}
 c - 2 scrolls of immolation {unknown}
 j - a scroll of revelation {unknown}
 k - 2 scrolls of vulnerability {unknown}
 o - a scroll of torment {unknown}
 p - a scroll of identify {unknown}
 q - a scroll of enchant armour {unknown}
 r - a scroll of teleportation {unknown}


   Skills:
 - Level 2.3 Fighting
 - Level 1.5(1.9) Axes
 + Level 1.5(2.0) Maces & Flails
 - Level 1.5 Dodging
 - Level 1.5 Stealth
 - Level 2.6 Spellcasting
 - Level 0.7 Conjurations
 - Level 2.4 Alchemy


You had 7 spell levels left.
You knew the following spells:

 Your Spells              Type           Power      Damage    Failure   Level
a - Sting                 Conj/Alch      24%        1d4       26%         1

Your spell library contained the following spells:

 Spells                   Type           Power      Damage    Failure   Level
 Shock                    Conj/Air       8%         1d3       38%         1
 Mercury Vapours          Alch/Air       10%        N/A       41%         2
 Slow                     Hex            4%         N/A       43%         1
 Mephitic Cloud           Conj/Alch/Air  4%         N/A       67%         3
 Confusing Touch          Hex            1%         N/A       82%         3
 Sigil of Binding         Hex            1%         N/A       82%         3
 Swiftness                Air            1%         N/A       82%         3
 Vampiric Draining        Necr           2%         2d6       82%         3
 Olgreb's Toxic Radiance  Alch           8%         N/A       87%         4
 Petrify                  Alch/Erth      5%         N/A       96%         4
 Sticky Flame             Fire/Alch      5%         2d4       96%         4
 Airstrike                Air            0%         2d(1-17)  99%         4
 Anguish                  Hex/Necr       1%         N/A       99%         4
 Cause Fear               Hex            0%         N/A       99%         4
 Irradiate                Conj/Alch      3%         3d12      100%        5
 Enfeeble                 Hex            0%         N/A       100%        7
 Sublimation of Blood     Necr           Unusable   N/A       N/A         2

Dungeon Overview and Level Annotations

Branches:
Dungeon (3/15)

Altars:
Trog

Annotations:
D:3 Terence


Innate Abilities, Weirdness & Mutations

You are immune to poison.
Your flesh is cold resistant. (rC+)
You are immune to negative energy. (rN+++)
You are immune to unholy pain and torment.
You are vulnerable to heat. (rF-)
You are in touch with the powers of death.
You do not drink.
You have a special connection with the divine. (Faith)


Message History

Terence is lightly wounded.
Terence hits you with a +0 flail.
You barely miss Terence.
Terence is lightly wounded.
Terence hits you with a +0 flail.
You hit Terence but do no damage.
Terence is lightly wounded.
Terence closely misses you.
You closely miss Terence.
Terence is lightly wounded.
Terence hits you but does no damage.
You hit Terence but do no damage.
Terence is lightly wounded.
Terence hits you with a +0 flail.
You closely miss Terence.
Terence is lightly wounded.
Terence barely misses you.
You barely miss Terence.
Terence is lightly wounded.
Terence hits you with a +0 flail.
* * * LOW HITPOINT WARNING * * *
You hit Terence but do no damage.
Terence is lightly wounded.
Terence closely misses you.
You hit Terence. Lightning courses through Terence!
Terence is severely wounded.
Terence hits you with a +0 flail.
* * * LOW HITPOINT WARNING * * *
You barely miss Terence.
Terence is severely wounded.
Terence closely misses you.
You hit Terence but do no damage.
Terence is severely wounded.
Terence hits you with a +0 flail!
* * * LOW HITPOINT WARNING * * *
You hit Terence.
Terence is almost dead.
Terence hits you with a +0 flail.
You die...
Terence says, "That felt goooood."

#..# #..#
#######..#
#........#
##.#####.######.#
#..............#
#.##.###########
####...........#
#######.#@#.#
#.#@# #.#.# #.#..
#.### #.. #.# ###


You could see Terence.

Vanquished Creatures
  3 adders (D:2)
  2 dart slugs (D:1)
  4 ball pythons
  3 bats
  An endoplasm (D:2)
  8 giant cockroaches
  3 hobgoblins
  2 jackals (D:1)
  2 quokkas (D:2)
  4 frilled lizards
  6 goblins
  9 kobolds
  6 rats
53 creatures vanquished.

Notes
Turn   | Place    | Note
-------+----------+-------------------------------------------
     0 | D:1      | SnakkuSnakku7 the Mummy Alchemist began the quest for the
                  | Orb.
     0 | D:1      | Reached XP level 1. HP: 13/13 MP: 4/4
    44 | D:1      | Reached skill level 1 in Fighting
   160 | D:1      | Reached XP level 2. HP: 15/22 MP: 0/5
  1011 | D:2      | Reached skill level 1 in Axes
  1011 | D:2      | Reached XP level 3. HP: 19/28 MP: 7/7
  1436 | D:2      | Reached skill level 1 in Maces & Flails
  1436 | D:2      | Reached XP level 4. HP: 34/34 MP: 8/8
  1818 | D:2      | Found a bloodstained altar of Trog.
  2358 | D:3      | Found a faded altar of an unknown god.
  2481 | D:3      | Noticed Terence
  2498 | D:3      | Slain by Terence

Illustrated notes

Levels and vault maps discovered:
D:1:      nicolae_arrival_memento_mori, layout_basic, glass_columns_a,
          st_stairs_10, chequers_decorated_corner
D:2:      layout_basic, basic_altar, minmay_gold_behind_fungi,
          kennysheep_generic_room_6
D:3:      layout_basic, ebering_ecumenical_altar_sacrificial, glass_columns_a,
          uniq_terence

Skill      XL: |  1  2  3 |
---------------+----------+-----
Fighting       | 1 2 |  2.3
Axes           | 1 |  1.5
Maces & Flails | 1 |  1.5
Dodging        | |  1.5
Stealth        | |  1.5
Spellcasting   | |  2.6
Conjurations   | |  0.7
Alchemy        | |  2.4

Action                     |  1- 3 |  4- 6 || total
---------------------------+-------+-------++-------
  Melee: Unarmed           |    17 |       ||    17
         Hand axe          |    38 |       ||    38
         Dagger            |     8 |       ||     8
         Whip              |    39 |    69 ||   108
         Mace              |     3 |       ||     3
         Punch             |     1 |       ||     1
   Cast: Sting             |    12 |       ||    12
   Stab: Sleeping          |     2 |       ||     2
 Armour: Robe              |    50 |       ||    50
         Ring mail         |    29 |    39 ||    68
  Dodge: Dodged            |    68 |    27 ||    95
